Unix NetHack Version 5.0.0-0 post-release - last build Jun 10 2026 00:39:30 (3ee93aec679c4c4259841fe613dc97188e26a321,branch:main).

Game began 2026-06-17 02:49:20, ended 2026-06-18 20:04:19.

CyberFan, chaotic male orcish Rogue

                                  -----------
                                 .aa..H".D..a.  E aa @   t a
                                ...----N----w.aHa a qa  a a
                               '.%--     A@--a.A.  a@E  Ba
                       -------aA.--   a& @ @--%.faQa. mQ a
            -----      |...a.A.%.| aa  TA@@  |.a%!.A'DHm aaa  -----
     @   wD  ...|      |.@.------     a  @A  -------DH.       |Qa.aaa aDaDNU
     ---------..--     --q-          D  v@A      ----.--     --x.---------A
     |.......|...--   ..A@%            |        --tD.O@a.   --Daa|aaaa@aa|aa
    e|..@.@..|H...---....@ .         w .       --.....DN.A---HT@.|aaa@aaa|@a
    D|..A@@..A@.&AE%.A.A@  q.       @  .   @   |.Da...C@HH.aDaHaTa@aaaaaa|@a
    B|.%A@...|....---.a. &   .   @    -+-   @  --......@a.---.a.c|DaAa.DB| a
     |N@..%D.|...--           -   a      B      --am.ea     --aaa|aaaaaaa|@@
     ---------.A--               A          A@               --..---------ta
     A Q     ...|                AA  x @  a                   |a.aa Qaa aaaA
            -----                     a                       -----
                                            A
                                 @          A
                                 @  AD

CyberFan the Robber     St:25 Dx:18 Co:18 In:9 Wi:16 Ch:10  Chaotic
Astral Plane $:1384 HP:153(286) Pw:22(22) AC:-31 Xp:15/164346 T:34114 

Latest messages:
 The black dragon breathes a disintegration blast!
 The blast of disintegration whizzes by you!
 The Angel of Moloch's large shield is disintegrated!
 The priestess of Issek's wooden shield is disintegrated!
 The Angel of Mog points at you, then curses.
 The Angel of Moloch swings her silver mace.
 The Angel of Moloch hits!
 The Angel of Moloch swings her silver mace.
 The Angel of Moloch hits again!
 The Angel of Moloch hits!
 The Angel of Moloch points at you, then curses.
 "Verily, thy corpse could not smell worse!"
 The ice-cold blade hits the renegade Angel of Kos.
 You hit the renegade Angel of Kos!
 The ice-cold blade hits the renegade Angel of Kos.
 You kill the renegade Angel of Kos!
 The Angel of Mog picks up a long sword.
 The Angel of Mog points at you, then curses.
 The renegade Angel of Kos points at you, then curses.
 The priest of Issek casts a spell!
 The priest of Issek casts at a clump of sticks, but nothing happens.
 The Angel of Moloch swings her silver mace.
 The Angel of Moloch hits!
 The Angel of Moloch swings her silver mace.
 The Angel of Moloch hits again!
 The Angel of Moloch hits!
 The Angel of Moloch points at you, then curses.
 There is a high altar to Kos (chaotic) here.
 You see here a vellum spellbook.
 The invisible Famine hurls a potion of blindness!
 The potion of blindness misses the Angel of Mog.
 The potion of blindness misses the priest of Issek.
 The bottle crashes on your head and breaks into shards.
 The potion of blindness evaporates.
 It suddenly gets dark.
 The priestess of Issek casts a spell!
 The priestess of Issek casts at a clump of sticks, but nothing happens.
 The Angel of Moloch hits!
 The Angel of Moloch hits again!
 The Angel of Moloch misses!
 You can see again.
 There is a high altar to Kos (chaotic) here.
 You see here a vellum spellbook.
 #
 What do you want to sacrifice? [E or ?*]
 You offer the Amulet of Yendor to Kos...
 An invisible choir sings, and you are bathed in radiance...
 The voice of Kos rings out: "Mortal, thou hast done well!"
 "In return for thy service, I grant thee the gift of Immortality!"
 You ascend to the status of Demigod...

Inventory:
 Coins    ('$')
  $ - 1384 gold pieces
 Amulets  ('"')
  L - an uncursed amulet of life saving (being worn)
  P - an uncursed amulet of life saving
  F - an uncursed amulet of reflection
 Weapons  (')')
  f - 2 uncursed +0 crossbow bolts
  t - an uncursed +2 knife
  h - the uncursed rustproof +5 Frost Brand (wielded in right hand)
  c - a blessed rustproof +5 long sword (wielded in left hand)
 Armor    ('[')
  d - an uncursed fireproof +6 elven leather helm (being worn)
  J - a blessed rustproof +3 pair of gauntlets of power (being worn)
  X - an uncursed fireproof +4 pair of speed boots (being worn)
  i - a blessed fireproof +3 cloak of magic resistance (being worn)
  K - a blessed fireproof +5 T-shirt with text "I couldn't afford this T-shirt so I stole it!" (being worn)
  I - a blessed rotproof +4 silver dragon scale mail (being worn)
 Comestibles  ('%')
  m - 2 cursed C-rations
 Spellbooks  ('+')
  D - the uncursed Book of the Dead
 Rings    ('=')
  k - an uncursed ring of free action (on left hand)
  H - a blessed ring of levitation
  T - an uncursed ring of polymorph control
  S - an uncursed ring of regeneration (on right hand)
  M - an uncursed ring of slow digestion
 Wands    ('/')
  x - an uncursed wand of death (2:1)
  N - a cursed wand of death (0:0)
  O - a cursed wand of death (0:0)
  w - an uncursed wand of digging (0:8)
  z - an uncursed wand of digging (0:2)
  v - an uncursed wand of digging (0:0)
  C - a cursed wand of digging (0:4)
  A - an uncursed wand of fire (0:4)
  g - a cursed wand of fire (0:4)
  p - an uncursed wand of lightning (0:5)
  R - a cursed wand of lightning (0:6)
  u - a cursed wand of lightning (0:3)
  n - an uncursed wand of sleep (0:6)
  r - an uncursed wand of teleportation (1:0)
  V - an uncursed wand of teleportation (0:0)
 Tools    ('(')
  B - a blessed bag of holding containing 40 items
  U - an uncursed bugle
  q - the cursed Bell of Opening named open (0:2)
  G - the uncursed Candelabrum of Invocation (0 of 7 candles attached)
  j - an uncursed expensive camera (0:89)
  s - an uncursed magic marker (1:0)
  o - the blessed Master Key of Thievery
  y - an uncursed towel
  Z - an uncursed +0 unicorn horn
 Gems/Stones  ('*')
  Q - a blessed luckstone

Contents of the bag of holding:
  3500 gold pieces
  an uncursed amulet of guarding
  an uncursed amulet of life saving
  an uncursed amulet of life saving
  an uncursed amulet of restful sleep
  an uncursed +0 dart
  17 uncursed +0 daggers named ammo
  an uncursed +0 dwarvish mattock
  the blessed rustproof +1 Stormbringer
  an uncursed +0 pair of water walking boots
  7 uncursed K-rations
  an uncursed lizard corpse
  a cursed scroll of light
  an uncursed scroll of remove curse
  an uncursed scroll of scare monster
  2 uncursed scrolls of teleportation
  2 uncursed potions of confusion
  an uncursed potion of fruit juice
  a cursed potion of full healing
  2 uncursed potions of gain ability
  a blessed potion of hallucination
  2 uncursed potions of hallucination
  2 uncursed potions of invisibility
  3 uncursed potions of levitation
  a cursed potion of monster detection
  a blessed potion of object detection
  a cursed potion of object detection
  an uncursed potion of oil
  4 uncursed potions of restore ability
  2 cursed potions of restore ability
  an uncursed potion of speed
  a cursed -1 ring of adornment
  an uncursed ring of cold resistance
  an uncursed ring of protection from shape changers
  an uncursed ring of see invisible
  an uncursed ring of sustain ability
  an uncursed ring of sustain ability
  an uncursed ring of teleport control
  an uncursed magic marker (1:7)
  an uncursed stethoscope

CyberFan the Rogue's attributes:

Background:
 You were a Robber, a level 15 male orcish Rogue.
 You were chaotic, on a mission for Kos
 who was opposed by Issek (lawful) and Mog (neutral).
 You were right-handed.
 You were in the endgame, on the Astral Plane.
 You entered the dungeon 34114 turns ago.
 You had 164346 experience points, 155654 more were needed to attain level 16.

Basics:
 You had 153 out of 286 hit points.
 You had all 22 energy points (spell power).
 Your armor class was -31.
 Your wallet contained 1384 zorkmids, and
 you had 3500 more stashed away in your pack.
 Autopickup was off.

Final Characteristics:
 Your strength was 25 (base:18/14, innate limit:18/50).
 Your dexterity was 18 (limit:18).
 Your constitution was 18 (limit:18).
 Your intelligence was 9 (limit:16).
 Your wisdom was 16 (limit:16).
 Your charisma was 10 (limit:16).

Final Status:
 You weren't hungry.
 You were unencumbered.
 You were wielding two weapons at once.
 You were skilled in long sword and two weapons.

Final Attributes:
 You were the Glory of Arioch.
 You were piously aligned.
 You were magic-protected.
 You were fire resistant.
 You were cold resistant.
 Your items were protected from cold.
 You were sleep resistant.
 You were disintegration resistant.
 You were shock resistant.
 You were poison resistant.
 You saw invisible.
 You were telepathic.
 You were warned.
 You had automatic searching.
 You had infravision.
 You were sensing the presence of monsters.
 You were invisible to others.
 You were stealthy.
 You had teleport control.
 You regenerated.
 You had a small defense bonus (+3).
 You were warded.
 You took half physical damage.
 You were very fast.
 You had reflection.
 You had free action.
 Your life would have been saved.
 You were extremely lucky.
 You had extra luck.
 Good luck did not time out for you.
 You survived.

Miscellaneous:
 You disabled loading of bones levels.
 Total elapsed playing time was 10 hours, 31 minutes and 36 seconds.

Major events:
 Turn
    1: CyberFan the chaotic male orcish Rogue entered the dungeon
 1036: entered the Gnomish Mines
 1081: attained the rank of Cutpurse (level 3)
 1455: entered Sokoban
 1740: completed 1st Sokoban level
 2005: completed 2nd Sokoban level
 2259: completed 3rd Sokoban level
 2280: attained the rank of Rogue (level 6)
 3500: reached Mine Town
 4896: completed 4th Sokoban level
 5772: entered the Bigroom
 6925: acquired the Sokoban bag of holding
 8283: attained the rank of Pilferer (level 10)
 8406: was bestowed with Frost Brand by Kos
 9780: acquired the Mines' End luckstone
11188: made his first wish - "uncursed magic marker", got "a magic marker"
11191: wished for "blessed amulet of life saving", got "a cubical amulet"
12512: attained the rank of Robber (level 14)
13030: entered Home 1, the Quest
13070: wished for "blessed fireproof +2 T-shirt", got "a T-shirt"
13203: the Master of Thieves has granted access to proceed deeper into the quest
13458: entered Home 2, the Quest
13612: entered Home 3, the Quest
13917: entered Home 4, the Quest
14112: entered Home 5, the Quest
14333: entered Home 6, the Quest
16618: killed Medusa
17448: wished for "2 blessed scrolls of charging", got "2 scrolls labeled ZLORFIK"
17451: wished for "blessed ring of levitation", got "an engagement ring"
17665: wished for "2 cursed potions of invisibility", got "a potion of invisibility"
18577: killed the Master Assassin
18577: found the Master Key of Thievery carried by a monster
18579: acquired the Bell of Opening
18888: was bestowed with Ogresmasher by Kos
19253: was chosen to steal souls for the Glory of Kos
19253: was bestowed with Stormbringer
19351: performed his first genocide (class L)
19351: genocided class h
19808: entered Gehennom
21849: killed Asmodeus
22501: bribed Baalzebub with 391 zorkmids for safe passage
26093: destroyed Vlad the Impaler
26094: acquired the Candelabrum of Invocation
27244: killed Orcus
28262: wished for "blessed fireproof +2 pair of speed boots", got "a pair of speed boots"
28537: wished for "uncursed magic marker", got "a magic marker"
30706: killed the Wizard of Yendor
30714: acquired the Book of the Dead
30891: killed the Wizard of Yendor (2nd time)
30902: performed the invocation
31391: killed the high priestess of Moloch
31394: acquired The Amulet of Yendor
31394: wished for "wand of death", got "a wand of death"
31780: killed the Wizard of Yendor (3rd time)
33670: entered the Elemental Planes
33670: entered Plane of Earth
33671: killed the Wizard of Yendor (5th time)
33716: entered Plane of Air
33844: entered Plane of Fire
33871: entered Plane of Water
33874: genocided class ;
33929: entered the Astral Plane
33945: killed Famine
34014: killed Famine (2nd time)
34109: genocided class S
34114: ascended

Spells:
 Name                 Level Category     Fail Retention
 healing                1   healing       87%    (gone)
 levitation             4   escape       100%    1%-25%
 haste self             3   escape       100%    1%-25%

Skills:
 Fighting Skills
   bare handed combat [Unskilled]
   two weapon combat  [Skilled]
   riding             [Unskilled]
 Weapon Skills
   dagger             [Expert]
   knife              [Unskilled]
   short sword        [Skilled]
   broadsword         [Unskilled]
   long sword         [Skilled]
   two-handed sword   [Unskilled]
   saber              [Unskilled]
   club               [Unskilled]
   mace               [Unskilled]
   morning star       [Unskilled]
   flail              [Unskilled]
   hammer             [Unskilled]
   polearms           [Unskilled]
   spear              [Unskilled]
   crossbow           [Unskilled]
   dart               [Unskilled]
   shuriken           [Unskilled]
 Spellcasting Skills
   divination spells  [Unskilled]
   escape spells      [Unskilled]
   matter spells      [Unskilled]

Voluntary challenges:
 Character rerolling was not enabled.
 You genocided 23 types of monsters.
 You never changed form.
 You used 9 wishes.
 You did not wish for any artifacts.
 You did not violate any of the special Sokoban rules.
Achievements:
 You entered a shop.
 You entered the Gnomish Mines.
 You attained the rank of Cutpurse.
 You entered Sokoban.
 You attained the rank of Rogue.
 You entered Minetown.
 You entered a temple.
 You entered the Big Room.
 You completed Sokoban.
 You attained the rank of Pilferer.
 You completed the Gnomish Mines.
 You attained the rank of Robber.
 You defeated Medusa.
 You learned the tune to open and close the Castle's drawbridge.
 You had the Bell of Opening.
 You entered Gehennom.
 You had the Candelabrum of Invocation.
 You had the Book of the Dead.
 You gained access to Moloch's Sanctum.
 You reached the Elemental Planes.
 You reached the Astral Plane.
 You delivered the Amulet of Yendor.
 You ascended!

 The Elemental Planes:
    Astral Plane: <- You are here.
       Some temples and some altars.
    Plane of Water:
    Plane of Fire:
    Plane of Air:
    Plane of Earth:
 The Dungeons of Doom: levels 1 to 27
    Level 1:
       A fountain, a grave.
       One way stairs up to The Elemental Planes.
    Level 2:
       A fountain.
    Level 3:
       An armor shop, some fountains.
    Level 4:
       Stairs down to The Gnomish Mines.
    Level 5:
       Many fountains.
       Oracle of Delphi.
    Level 6:
       A fountain.
       Stairs up to Sokoban, level 5.
    Level 7:
    Level 8:
       An armor shop, some fountains.
    Level 9:
       Some fountains.
    Level 10:
    Level 11:
       A very big room.
       Portal to The Quest.
    Level 12:
    Level 13:
       A temple and an altar, a fountain, a sink.
    Level 14:
       An armor shop, some fountains, a grave.
    Level 15:
    Level 16:
       An altar to Kos, some graves.
    Level 17:
       A primitive area.
    Level 18:
       A fountain.
    Level 19:
       An altar to Kos, some fountains.
    Level 20:
       Some graves.
    Level 21:
       Many graves.
    Level 22:
       A fountain, a sink.
    Level 23:
    Level 24:
       Many altars.
    Level 25:
    Level 26:
    Level 27:
       The castle (play notes "GAABE" to open or close drawbridge).
       Connection to Gehennom.
 Gehennom: levels 28 to 50
    Level 28:
       A temple and an altar, many graves.
       Valley of the Dead.
    Level 29:
    Level 30:
    Level 31:
    Level 32:
       Many fountains.
    Level 33:
    Level 34:
    Level 35:
    Level 36:
    Level 37:
    Level 38:
    Level 39:
    Level 40:
       Stairs up to Vlad's Tower, level 39.
    Level 41:
       Some shops, an altar, many graves.
    Level 42:
    Level 43:
    Level 44:
    Level 45:
    Level 46:
    Level 47:
    Level 48:
    Level 49:
    Level 50:
       A temple and an altar, many graves.
       Moloch's Sanctum.
 The Gnomish Mines: levels 5 to 12
    Level 5:
    Level 6:
    Level 7:
    Level 8:
       Some shops, a temple and an altar, some fountains, a sink.
    Level 9:
    Level 10:
    Level 11:
    Level 12:
 The Quest: levels 1 to 6
    Level 1:
       Completed quest for the Master of Thieves.
    Level 2:
    Level 3:
    Level 4:
    Level 5:
    Level 6:
 Sokoban: levels 5 up to 2
    Level 2:
       Solved.
    Level 3:
       Solved.
    Level 4:
       Solved.
    Level 5:
       Solved.
 Vlad's Tower: levels 39 up to 37
    Level 37:
    Level 38:
    Level 39:


Vanquished creatures:
    Asmodeus
    Orcus
the Wizard of Yendor (5 times)
    Famine (twice)
    Vlad the Impaler
  a high cleric
    Medusa
 15 krakens
  4 iron golems
  3 erinyes
  a ki-rin
  6 storm giants
  2 titans
  3 glass golems
  a balrog
  6 purple worms
  3 gray dragons
  3 gold dragons
  3 silver dragons
  9 red dragons
  3 white dragons
  5 orange dragons
  5 black dragons
  a blue dragon
  2 green dragons
  3 yellow dragons
 30 minotaurs
  8 jabberwocks
the Master Assassin
  5 baluchitheria
  7 Angels
  a demilich
  6 stone golems
  4 Olog-hai
  5 Nazgul
  6 pit fiends
  a sandestin
  4 hell hounds
  8 displacer beasts
  9 titanotheres
  3 trappers
  a baby silver dragon
  5 baby red dragons
  a baby yellow dragon
 15 guardian nagas
  3 genetic engineers
  5 disenchanters
 36 vampire leaders
  7 skeletons
 14 aligned clerics
  6 captains
  6 shades
  2 liches
  4 clay golems
  5 nurses
  9 ice devils
 11 nalfeshnees
  6 lurkers above
 an Aleax
  8 ettins
  2 golden nagas
 13 black puddings
 29 vampires
  7 lieutenants
 38 ghosts
  5 queen bees
  4 winged gargoyles
  6 giant mimics
  4 long worms
  7 zruties
  4 fire giants
  5 ogre tyrants
  5 ice trolls
  4 rock trolls
  8 umber hulks
  6 flesh golems
  7 elven monarchs
  6 doppelgangers
  8 hezrous
 19 bone devils
  5 large mimics
  7 fire vortices
  2 couatls
 14 stalkers
 10 air elementals
  9 fire elementals
  8 earth elementals
  2 water elementals
  3 hill giants
  2 giant mummies
  4 black nagas
 17 xorns
 22 giant zombies
 18 elf-nobles
 23 sergeants
  a water demon
  4 barbed devils
 15 vrocks
  3 salamanders
 18 wargs
  2 winter wolves
  9 hell hound pups
 16 small mimics
  5 glass piercers
  7 warhorses
  7 steam vortices
 10 xans
  2 ettin mummies
  7 quantum mechanics
 15 trolls
  2 sasquatches
  2 wood golems
  9 mariliths
  9 sharks
 14 electric eels
 10 gelatinous cubes
  a pyrolisk
  2 large dogs
  4 freezing spheres
 10 flaming spheres
  5 shocking spheres
  3 large cats
  5 tigers
  2 gargoyles
  4 dwarf rulers
  7 tengu
  4 ochre jellies
  5 leocrottas
  3 energy vortices
  3 mountain centaurs
  9 stone giants
 an elf mummy
  3 human mummies
  4 red nagas
  2 green slimes
 29 pythons
 22 pit vipers
 40 cobras
 66 wraiths
  7 carnivorous apes
 16 ettin zombies
  2 leather golems
 15 Grey-elves
 43 soldiers
  7 amorous demons
  7 horned devils
 23 chameleons
  a crocodile
 44 giant beetles
  2 quivering blobs
 20 cockatrices
 14 wolves
  4 winter wolf cubs
  2 lynxes
  2 panthers
  a gremlin
  2 spotted jellies
 44 leprechauns
  2 orc-captains
  2 iron piercers
  4 mumakil
 19 giant spiders
  6 scorpions
  2 horses
  3 ice vortices
 14 black lights
  5 vampire bats
  a forest centaur
  5 gnome rulers
  3 orc mummies
  2 dwarf mummies
  2 ogres
  8 brown puddings
  7 rust monsters
  8 owlbears
 13 yetis
  2 gold golems
  2 werewolves
 15 Green-elves
  7 piranha
 16 giant eels
 16 lizards
  4 chickatrices
  2 dingoes
  2 dogs
  2 jaguars
  8 dwarf leaders
  3 blue jellies
  2 white unicorns
  6 gray unicorns
  8 dust vortices
  4 ravens
  7 plains centaurs
  2 gnome mummies
 54 snakes
  5 water moccasins
 14 apes
 17 human zombies
  2 rope golems
  8 Woodland-elves
 68 soldier ants
 55 fire ants
  4 bugbears
 an imp
  a lemure
  2 quasits
  7 wood nymphs
 22 water nymphs
  9 mountain nymphs
 11 Mordor orcs
  2 Uruk-hai
  8 rock piercers
  3 rock moles
  3 ponies
  5 fog clouds
 11 yellow lights
  a violet fungus
 19 gnome leaders
 10 gnomish wizards
  3 kobold mummies
  3 gray oozes
  6 barrow wights
 19 elf zombies
  9 ghouls
  3 straw golems
  a paper golem
  6 jellyfish
 78 giant ants
  2 little dogs
 11 floating eyes
  2 kittens
 16 dwarves
  a kobold leader
  5 kobold shamans
  4 hill orcs
 16 rothes
  a centipede
  4 giant bats
  9 monkeys
 21 orc zombies
 15 dwarf zombies
  a wererat
  a werejackal
  7 iguanas
109 killer bees
  3 acid blobs
  3 coyotes
  3 gas spores
  3 hobbits
  6 manes
  a large kobold
 14 hobgoblins
  7 giant rats
  2 cave spiders
  a brown mold
  a yellow mold
  a green mold
 54 gnomes
 22 garter snakes
 14 gnome zombies
  8 geckos
  4 jackals
  3 kobolds
  2 goblins
  a sewer rat
  5 grid bugs
  2 bats
  4 lichens
 20 kobold zombies
  3 newts
2419 creatures vanquished.

Genocided or extinct species:
 arch-liches
 krakens
 erinyes (extinct)
 master liches
 demiliches
 master mind flayers
 liches
 mind flayers
 sharks
 electric eels
 dwarf rulers
 pythons
 pit vipers
 cobras
 giant beetles (extinct)
 piranha
 giant eels
 dwarf leaders
 snakes
 water moccasins
 soldier ants (extinct)
 fire ants (extinct)
 bugbears
 jellyfish
 giant ants (extinct)
 dwarves
 killer bees (extinct)
 hobbits
 garter snakes
23 species genocided.
6 species extinct.

Goodbye CyberFan the Demigod...

You went to your reward with 3083404 points,
Frost Brand (worth 3000 zorkmids and 7500 points)
The Master Key of Thievery (worth 3500 zorkmids and 8750 points)
The Bell of Opening (worth 5000 zorkmids and 12500 points)
Stormbringer (worth 8000 zorkmids and 20000 points)
The Book of the Dead (worth 10000 zorkmids and 25000 points)
The Candelabrum of Invocation (worth 5000 zorkmids and 12500 points)
       4 amulets of life saving (worth 600 zorkmids),
       1 amulet of restful sleep (worth 150 zorkmids),
       1 amulet of reflection (worth 150 zorkmids),
       1 amulet of guarding (worth 150 zorkmids),
and 4884 pieces of gold, after 34114 moves.
You were level 15 with a maximum of 286 hit points when you ascended.

